 Dungeon Crawl Stone Soup version 0.27.1-15-g792fb953b9 (webtiles) character file.

Game seed: 11518997207950248530

123 spaced the Conjurer (level 5, 0/36 HPs)
             Began as a Human Conjurer on Nov 20, 2021.
             Slain by a gnoll (7 damage)
             ... on level 2 of the Dungeon.
             The game lasted 00:17:54 (3055 turns).

spaced the Conjurer (Human Conjurer)                Turns: 3055, Time: 00:17:55

Health: 0/36       AC:  4    Str:  8    XL:     5   Next: 29%
Magic:  3/9        EV: 12    Int: 21    God:
Gold:   84         SH:  0    Dex: 12    Spells: 4/10 levels left

rFire    . . .     SeeInvis .   d - +0 short sword
rCold    . . .     Faith    .   (no shield)
rNeg     . . .     Spirit   .   l - +0 robe
rPois    .         Reflect  .   o - +0 helmet {Int+3}
rElec    .         Harm     .   (no cloak)
rCorr    .         Rampage  .   (no gloves)
Will     .....                  j - +0 pair of boots
Stlth    ++........             (no amulet)
HPRegen  0.12/turn              g - ring of flight
MPRegen  0.11/turn              (no ring)

@: flying
A: no striking features
a: no special abilities


You were on level 2 of the Dungeon.
You visited 1 branch of the dungeon, and saw 3 of its levels.

You collected 84 gold pieces.

Inventory:

Hand Weapons
 d - a +0 short sword (weapon)
Armour
 a - a +0 robe
 j - a +0 pair of boots (worn)
 l - a +0 robe (worn)
 o - a +0 helmet of intelligence (worn)
Jewellery
 g - a ring of flight (left hand)
Scrolls
 c - a scroll of teleportation
 f - a scroll of amnesia
 m - a scroll of enchant armour {unknown}
Potions
 b - a potion of haste {unknown}
 e - a potion of invisibility {unknown}
 h - a potion of heal wounds {unknown}
 i - a potion of magic {unknown}
 k - 2 potions of degeneration {unknown}
 n - a potion of curing {unknown}


   Skills:
 + Level 0.4 Fighting
 + Level 1.1 Short Blades
 + Level 2.2 Dodging
 + Level 2.5 Stealth
 + Level 3.0 Spellcasting
 + Level 5.1 Conjurations


You had 4 spell levels left.
You knew the following spells:

 Your Spells              Type           Power      Damage    Failure   Level
a - Magic Dart            Conj           96%        1d7       1%          1
b - Searing Ray           Conj           48%        3d5       2%          2
c - Dazzling Flash        Conj/Hex       26%        N/A       14%         3

Your spell library contained the following spells:

 Spells                   Type           Power      Damage    Failure   Level
 Fulminant Prism          Conj/Hex       6%         3d7       43%         4
 Iskenderun's Mystic Bla  Conj/Tloc      13%        2d5       43%         4
 Lee's Rapid Deconstruct  Erth           1%         3d5*      98%         5


Dungeon Overview and Level Annotations

Branches:
Dungeon (3/15)

Altars:


Message History

Aim: a gnoll, wielding a +0 whip (moderately wounded, 100% to hit)
You miscast Magic Dart.
You are very lightly contaminated with residual magic.
Nothing appears to happen.
The gnoll barely misses you.
You hear the slow rusting of a very distant drain.
Your magical contamination has completely faded away.
There is a stone staircase leading up here.
The gnoll hits you with a +0 whip!
You fly upwards.
There is a stone staircase leading down here.
You hit the gnoll but do no damage.
The gnoll is moderately wounded.
The gnoll barely misses you.
You hit the gnoll.
The gnoll is heavily wounded.
The gnoll barely misses you.
You barely miss the gnoll.
The gnoll is heavily wounded.
The gnoll closely misses you.
You closely miss the gnoll.
The gnoll is heavily wounded.
The gnoll hits you but does no damage.
You hit the gnoll.
The gnoll is heavily wounded.
The gnoll hits you with a +0 whip.
You hit the gnoll.
The gnoll is severely wounded.
The gnoll closely misses you.
You hit the gnoll but do no damage.
The gnoll is severely wounded.
The gnoll hits you but does no damage.
You barely miss the gnoll.
The gnoll is severely wounded.
The gnoll hits you but does no damage.
You closely miss the gnoll.
The gnoll is severely wounded.
The gnoll hits you with a +0 whip!
* * * LOW HITPOINT WARNING * * *
The gnoll hits you with a +0 whip!
You die...

# #..^......# #######.#.#####..#
# #.........####.#...............
# #######.#..........#.#.######..
#########.############.#.# #..
##...............).....#.######..
##........#####.......##.......>.
##..).....#####..................
######.........###...............
# ##.########@##..............
#.# #.g.#.............. #.#
#.8.#.............. #.#
#...####........... # #.# ##.##
#........... #
##.########.#######......... #
#..##...##...##...##........
######..#>.8....8.'..8.<#........
........##...##...##...##........


You could see a gnoll.

Vanquished Creatures
  Robin (D:2)
  2 gnolls (D:3)
  An adder (D:2)
  A worm (D:2)
  5 dart slugs (D:2)
  3 bats
  3 endoplasms
  3 giant cockroaches (D:1)
  15 goblins
  11 hobgoblins
  4 kobolds
  4 quokkas
  3 ball pythons
  5 frilled lizards
  3 rats
64 creatures vanquished.

Vanquished Creatures (others)
  3 plants (D:1)
3 creatures vanquished.

Grand Total: 67 creatures vanquished

Notes
Turn   | Place    | Note
-------+----------+-------------------------------------------
     0 | D:1      | spaced the Human Conjurer began the quest for the Orb.
     0 | D:1      | Reached XP level 1. HP: 13/13 MP: 3/3
   141 | D:1      | Reached XP level 2. HP: 19/19 MP: 1/5
   207 | D:1      | Learned a level 2 spell: Searing Ray
   618 | D:1      | Reached XP level 3. HP: 24/24 MP: 0/6
   695 | D:1      | Found a faded altar of an unknown god.
  1638 | D:2      | Reached XP level 4. HP: 18/30 MP: 1/7
  1959 | D:2      | Reached skill level 5 in Conjurations
  2119 | D:2      | Noticed Robin
  2393 | D:2      | Killed Robin
  2464 | D:2      | Reached XP level 5. HP: 36/36 MP: 5/9
  2489 | D:2      | Learned a level 3 spell: Dazzling Flash
  2562 | D:2      | Reached skill level 1 in Short Blades
  3055 | D:2      | Slain by a gnoll

Illustrated notes

Levels and vault maps discovered:
D:1:      amcnicky_arrival_double_pillar, layout_basic, serial_bayou,
          serial_bayou_lake_a, serial_bayou_lagoon_a, serial_bayou_lagoon_b,
          serial_bayou_crossing, ebering_ecumenical_altar_petrified
D:2:      layout_basic, grunt_ministairs_5, uniq_robin
D:3:      layout_basic, portal_sewer_entry_d

Skill      XL: |  1  2  3  4  5 |
---------------+----------------+-----
Conjurations   | 5 |  5.1
Short Blades   | 1 |  1.1
Spellcasting   | 3 |  3.0
Fighting       | |  0.4
Dodging        | |  2.2
Stealth        | |  2.5

Action                   |  1- 3 |  4- 6 || total
-------------------------+-------+-------++-------
Melee: Short sword       |    43 |    23 ||    66
 Cast: Magic Dart        |    56 |    32 ||    88
       Searing Ray       |     6 |     8 ||    14
  Use: Scroll            |     2 |     1 ||     3
 Stab: Sleeping          |     2 |     3 ||     5
       Distracted        |       |     1 ||     1
Armor: Robe              |     8 |     8 ||    16
Dodge: Dodged            |    21 |    19 ||    40
